 Dungeon Crawl Stone Soup version 0.21.0-25-ge575cb9 (webtiles) character file.

2683 Arantyr the Carver (level 9, 0/68 HPs)
             Began as a Human Fighter on Jan 22, 2018.
             Slain by a wight
             ... wielding a cursed +0 battleaxe
              (3 damage)
             ... on level 8 of the Dungeon on Jan 23, 2018.
             The game lasted 01:32:18 (8813 turns).

Arantyr the Carver (Human Fighter)                  Turns: 8813, Time: 01:32:18

Health: 0/68       AC: 15    Str: 16    XL:     9   Next: 96%
Magic:  18/18      EV:  3    Int: 10    God:
Gold:   520        SH: 10    Dex: 15    Spells: 8/8 levels left

rFire    . . .     SeeInvis .   H - +0 long sword (holy)
rCold    . . .     Gourm    .   c - +0 shield
rNeg     . . .     Faith    .   d - +1 plate armour
rPois    +         Spirit   .   (no helmet)
rElec    .         Reflect  .   a - +0 cloak
rCorr    .         Harm     .   (no gloves)
MR       .....                  o - +0 pair of boots
Stlth    ..........             (no amulet)
HPRegen  0.21/turn              t - ring of poison resistance
MPRegen  0.16/turn              E - ring of magical power

@: heavily drained
A: no striking features
a: no special abilities


You were on level 8 of the Dungeon.
You were hungry.

You visited 1 branch of the dungeon, and saw 9 of its levels.

You collected 520 gold pieces.

Inventory:

Hand Weapons
 i - a +2 mace of protection
 q - a +0 hunting sling
 H - a +0 long sword of holy wrath (weapon)
Missiles
 l - 239 stones (quivered)
 n - 66 poisoned needles
 u - 4 tomahawks of returning
Armour
 a - a +0 cloak (worn)
 b - a +0 scale mail
 c - a +0 shield (worn)
 d - a +1 plate armour (worn)
 o - a +0 pair of boots (worn)
Magical Staves
 F - an uncursed staff of air
Jewellery
 t - a ring of poison resistance (left hand)
 v - an uncursed ring of fire
 y - an uncursed ring of fire
 B - an uncursed ring of magical power
 E - a ring of magical power (right hand)
Wands
 f - a wand of iceblast (6)
 z - a wand of digging (18)
Scrolls
 e - 4 scrolls of fear
 g - 2 scrolls of fog
 h - 2 scrolls of identify
 j - 2 scrolls of amnesia
 x - a scroll of brand weapon {unknown}
 A - a scroll of remove curse
 D - 3 scrolls of teleportation
Potions
 k - a potion of curing
 m - a potion of magic
 p - 2 potions of brilliance
Comestibles
 s - 2 rations


   Skills:
 + Level 5.5(3.7) Fighting
 + Level 8.3(6.4) Long Blades
 - Level 0.4(0.0) Slings
 + Level 6.8(5.0) Armour
 - Level 1.0(0.0) Dodging
 + Level 6.9(5.0) Shields


You had 8 spell levels left.
You didn't know any spells.

Dungeon Overview and Level Annotations

Branches:
Dungeon (9/15)             Temple (0/1) D:4
   Lair: D:8-11         Orc: D:9-12

Altars:
Dithmenos
Gozag
Yredelemnul


Message History

You feel drained.
* * * LOW HITPOINT WARNING * * *
You feel better.
The wight hits you with a great sword of freezing.
You feel drained. The wight freezes you. You block the wight's attack.
The wight barely misses you. The wight hits you but does no damage.
The wight hits you with a battleaxe.
* * * LOW HITPOINT WARNING * * *
You feel drained.
* * * LOW HITPOINT WARNING * * *
You can't go down here!
You block the wight's attack.
The wight hits you with a great sword of freezing.
* * * LOW HITPOINT WARNING * * *
The wight freezes you.
* * * LOW HITPOINT WARNING * * *
The wight hits you with an enchanted battleaxe!
* * * LOW HITPOINT WARNING * * *
The wight hits you but does no damage. The wight hits you with a battleaxe.
You die...

#.(........#
##..........##
#............#
#............#
#..>..[......#
≈###...........#
#≈..............#
#≈....#...z.z...#
#≈....###..@z...#
#≈....# ##.zz...#
≈≈#....# ##.....#
....?.. #######
....


You could see 5 wights.

Vanquished Creatures
  A hippogriff (D:7)
  3 yaks (D:7)
  Menkaure (D:7)
  A soldier ant (D:5)
  2 orc warriors (D:7)
  2 ice beasts
  An ogre (D:5)
  A sky beast (D:2)
  4 scorpions
  A howler monkey (D:5)
  6 crimson imps
  3 hounds
  3 orc wizards
  2 orc priests (D:5)
  Crazy Yiuf (D:7)
  2 jellies
  A bullfrog skeleton (D:2)
  An iguana (D:6)
  9 worker ants
  A killer bee zombie (D:6)
  The ghost of p0werm0de the Skirmisher, a weakling DsFi of Uskayaw (D:3)
  A howler monkey zombie (D:7)
  A worker ant zombie (D:5)
  13 adders
  A shadow imp (D:5)
  An adder skeleton (D:7)
  A worm (D:2)
  2 dart slugs (D:1)
  3 leopard geckos
  7 orcs
  2 ball pythons
  9 giant cockroaches
  5 hobgoblins
  10 jackals
  6 kobolds
  A quokka (D:3)
  5 bats
  7 frilled lizards
  10 goblins
  A leopard gecko skeleton (D:4)
  10 rats
143 creatures vanquished.

Notes
Turn   | Place    | Note
-------+----------+-------------------------------------------
     0 | D:1      | Arantyr the Human Fighter began the quest for the Orb.
     0 | D:1      | Reached XP level 1. HP: 18/18 MP: 1/1
     6 | D:1      | Noticed a redback
     6 | D:1      | Noticed a swamp drake
     6 | D:1      | Noticed a swamp worm
     6 | D:1      | Noticed a wolf
    65 | D:1      | Reached XP level 2. HP: 17/24 MP: 2/2
   561 | D:1      | Reached XP level 3. HP: 27/29 MP: 3/3
  1150 | D:2      | Noticed a sky beast
  1404 | D:2      | Killed a sky beast
  1404 | D:2      | Reached skill level 3 in Long Blades
  1404 | D:2      | Reached XP level 4. HP: 18/35 MP: 4/4
  1404 | D:2      | Reached XP level 5. HP: 21/41 MP: 5/5
  1582 | D:2      | Reached skill level 1 in Dodging
  1900 | D:2      | Found a shadowy altar of Dithmenos.
  1900 | D:2      | Found a basalt altar of Yredelemnul.
  2132 | D:2      | Reached XP level 6. HP: 47/47 MP: 6/6
  2648 | D:3      | Noticed p0werm0de's ghost (weakling DsFi)
  2702 | D:3      | Killed p0werm0de's ghost
  3154 | D:3      | Reached skill level 4 in Long Blades
  3531 | D:4      | Found a staircase to the Ecumenical Temple.
  4113 | D:5      | Entered Level 5 of the Dungeon
  4124 | D:5      | Found a runed door.
  4127 | D:5      | Found a runed door.
  4173 | D:5      | Reached XP level 7. HP: 30/53 MP: 7/7
  4178 | D:5      | Noticed a soldier ant
  4199 | D:5      | Killed a soldier ant
  4467 | D:5      | Reached skill level 5 in Long Blades
  4538 | D:5      | Reached skill level 5 in Armour
  4553 | D:5      | Reached XP level 8. HP: 49/60 MP: 8/8
  4561 | D:5      | Reached skill level 5 in Shields
  5079 | D:5      | Reached skill level 6 in Long Blades
  6336 | D:6      | Reached XP level 9. HP: 63/66 MP: 9/9
  6444 | D:6      | Found an opulent altar of Gozag.
  6944 | D:7      | Reached skill level 7 in Long Blades
  7050 | D:7      | Noticed Menkaure
  7058 | D:7      | Killed Menkaure
  7058 | D:7      | Reached skill level 5 in Fighting
  7975 | D:7      | Noticed a hippogriff
  7991 | D:7      | Killed a hippogriff
  7991 | D:7      | Reached skill level 8 in Long Blades
  8285 | D:7      | Found a runed door.
  8289 | D:7      | Noticed Crazy Yiuf
  8303 | D:7      | Killed Crazy Yiuf
  8813 | D:8      | HP: 3/68 [wight/enchanted battleaxe (7)]
  8813 | D:8      | Slain by a wight

Skill      XL: |  1  2  3  4  5  6  7  8  9 |
---------------+----------------------------+-----
Long Blades    | 3 4 5 6 8 |  8.3
Armour         | 4 5 6 |  6.8
Dodging        | 1 |  1.0
Shields        | 4 5 6 |  6.9
Fighting       | 4 5 |  5.5
Slings         | |  0.4

Action                   |  1- 3 |  4- 6 |  7- 9 || total
-------------------------+-------+-------+-------++-------
Melee: Long sword        |   105 |   211 |   508 ||   824
 Fire: Hunting sling     |       |     3 |       ||     3
Throw: Stone             |    23 |    50 |    54 ||   127
       Tomahawk          |       |       |     5 ||     5
  Use: Potion            |     2 |     1 |    11 ||    14
       Scroll            |       |    10 |     5 ||    15
  Eat: Ration            |     1 |     1 |     3 ||     5
       Chunk             |       |     5 |     4 ||     9
Armor: Scale mail        |    33 |    80 |       ||   113
       Plate armour      |       |    17 |   247 ||   264
       Skin              |       |       |     3 ||     3
Dodge: Dodged            |    28 |    71 |    58 ||   157
Block: Shield            |    66 |   118 |   251 ||   435
       Rpst.: Long sword |     8 |    24 |    15 ||    47
